3L
D.C. DIVIDED @ KINGSTON TOWNSHIP LEGION
06/16/2023
 
TOP OF THE 1ST
D.C. Divided batting - Pitching for Kingston Township Legion : RHP Alfonso Miranda
Pitching: RHP Alfonso Miranda
Batting: LHB Brad Elmore 0-0: Foul Ball, location: 2F
0-1: Ball
1-1: Ground out U3 (Groundball, 3)
Batting: RHB Duncan Thomas 0-0: Ball
1-0: Ball
2-0: Called Strike
2-1: Foul Ball, location: 2F
2-2: Strikes out swinging
Batting: LHB Ray Sears 0-0: Foul Ball, location: 2F
0-1: Called Strike
0-2: Foul Ball, location: 2F
0-2: Fly out, F7 (Flyball, 7M)
Top of the 1st over - 0 run(s), 0 hit(s), 0 error(s), 0 left on base; D.C. 0 - Kingston Township 0
BOTTOM OF THE 1ST
Kingston Township Legion batting - Pitching for D.C. Divided : RHP José Alaniz
Pitching: RHP José Alaniz
Batting: LHB Forrest McCooke 0-0: Swinging Strike
0-1: Foul Ball, location: 2F
0-2: Foul Ball, location: 2F
0-2: SINGLE (Popup, 6MD)
Batting: LHB Gonzalo López 0-0: Ball
1-0: Foul Ball, location: 2F
1-1: Foul Ball, location: 2F
1-2: Ball
2-2: Ball
3-2: Base on Balls
Forrest McCooke to second
Batting: RHB Layton Templeman 0-0: Called Strike
0-1: Fly out, F9 (Popup, 3D)
Batting: RHB Akihiko Oike 0-0: Ball
1-0: Fly out, F6 (Line Drive, 56)
1-0: Lined into DP, 6-4 (Line Drive, 56)
Bottom of the 1st over - 0 run(s), 1 hit(s), 0 error(s), 1 left on base; D.C. 0 - Kingston Township 0
TOP OF THE 2ND
D.C. Divided batting - Pitching for Kingston Township Legion : RHP Alfonso Miranda
Batting: LHB Mike Gardner 0-0: Ground out 6-3 (Groundball, 6)
Batting: RHB Miguel Silva 0-0: Ball
1-0: Fly out, F8 (Flyball, 8LM)
Batting: LHB Charles Mathes 0-0: Ball
1-0: Ball
2-0: Ball
3-0: Base on Balls
Batting: LHB Keith Bridges 0-0: SINGLE (Line Drive, 89S)
Charles Mathes to second
Batting: LHB Jorge Aicón 0-0: Called Strike
0-1: Ball
1-1: Foul Ball, location: 2F
1-2: SINGLE (Line Drive, 78S)
Charles Mathes to third
Keith Bridges to second
Runner from 3rd tries for Home, SAFE, no throw or cutoff
Batting: RHB Cristo González 0-0: Ball
1-0: Ball
2-0: Foul Ball, location: 2F
2-1: Ground out 6-3 (Groundball, 6)
Top of the 2nd over - 1 run(s), 2 hit(s), 0 error(s), 2 left on base; D.C. 1 - Kingston Township 0
BOTTOM OF THE 2ND
Kingston Township Legion batting - Pitching for D.C. Divided : RHP José Alaniz
Batting: RHB Pedro Mendoza 0-0: Foul Ball, location: 2F
0-1: Foul Ball, location: 2F
0-2: Foul Ball, location: 2F
0-2: Ball
1-2: Foul Ball, location: 2F
1-2: Foul Ball, location: 2F
1-2: Ball
2-2: Foul Ball, location: 2F
2-2: Foul Ball, location: 2F
2-2: SINGLE (Line Drive, 6)
Batting: RHB Noel Wells 0-0: Ball
1-0: Foul Ball, location: 2F
1-1: Called Strike
1-2: Strikes out swinging
Batting: RHB Jon Erickson 0-0: Called Strike
0-1: Ball
1-1: Swinging Strike
1-2: Fly out, F9 (Line Drive, 89M)
Batting: RHB Stan Pierce 0-0: Ball
1-0: Swinging Strike
1-1: Foul Ball, location: 2F
1-2: Ground out 5-3 (Groundball, 5)
Bottom of the 2nd over - 0 run(s), 1 hit(s), 0 error(s), 1 left on base; D.C. 1 - Kingston Township 0
TOP OF THE 3RD
D.C. Divided batting - Pitching for Kingston Township Legion : RHP Alfonso Miranda
Batting: LHB Brad Elmore 0-0: Swinging Strike
0-1: Ball
1-1: Ball
2-1: Called Strike
2-2: Foul Ball, location: 2F
2-2: DOUBLE (Groundball, 3L)
Batting: RHB Duncan Thomas 0-0: Swinging Strike
0-1: Ball
1-1: Ball
2-1: Fly out, F9 (Flyball, 9M)
Batting: LHB Ray Sears 0-0: Ground out 6-3 (Groundball, 6M)
Brad Elmore to third
Batting: LHB Mike Gardner 0-0: Ball
1-0: Ball
2-0: Called Strike
2-1: Reached on error, E1 (Groundball, 13S)
Brad Elmore scores
Batting: RHB Miguel Silva 0-0: Ball
1-0: Ground out 4-3 (Groundball, 4M)
Top of the 3rd over - 1 run(s), 1 hit(s), 1 error(s), 1 left on base; D.C. 2 - Kingston Township 0
BOTTOM OF THE 3RD
Kingston Township Legion batting - Pitching for D.C. Divided : RHP José Alaniz
Batting: RHB Ben Daniel 0-0: Ball
1-0: Foul Ball, location: 2F
1-1: Ground out 5-3 (Groundball, 56)
Batting: LHB Forrest McCooke 0-0: Called Strike
0-1: Bunt for hit - play at first, batter safe!
Batting: LHB Gonzalo López 0-0: Ball
1-0: Grounds into double play, 4-6-3 (Groundball, 4)
Bottom of the 3rd over - 0 run(s), 1 hit(s), 0 error(s), 0 left on base; D.C. 2 - Kingston Township 0
TOP OF THE 4TH
D.C. Divided batting - Pitching for Kingston Township Legion : RHP Alfonso Miranda
Batting: LHB Charles Mathes 0-0: Called Strike
0-1: Swinging Strike
0-2: Strikes out swinging
Batting: LHB Keith Bridges 0-0: Called Strike
0-1: Called Strike
0-2: Ball
1-2: SINGLE (Line Drive, 56D)
Batting: LHB Jorge Aicón 0-0: Fielders Choice at 2nd, 3-6 (Groundball, 3)
Batting: RHB Cristo González 0-0: Called Strike
0-1: SINGLE (Flyball, 8LM)
Jorge Aicón to second
Batting: LHB Brad Elmore 0-0: Ground out 3-1 (Groundball, 34)
Top of the 4th over - 0 run(s), 2 hit(s), 0 error(s), 2 left on base; D.C. 2 - Kingston Township 0
BOTTOM OF THE 4TH
Kingston Township Legion batting - Pitching for D.C. Divided : RHP José Alaniz
Batting: RHB Layton Templeman 0-0: Fly out, F2 (Popup, 2LF)
Batting: RHB Akihiko Oike 0-0: Ball
1-0: Called Strike
1-1: Ball
2-1: Swinging Strike
2-2: Ground out 6-3 (Groundball, 56)
Batting: RHB Pedro Mendoza 0-0: SINGLE (Groundball, 6M)
Batting: RHB Noel Wells 0-0: Called Strike
0-1: Ball
1-1: Ball
2-1: Called Strike
2-2: Foul Ball, location: 2F
2-2: SINGLE (Groundball, 56D)
Pedro Mendoza to second
Batting: RHB Jon Erickson 0-0: Called Strike
0-1: Ball
1-1: SINGLE (Line Drive, 8RS)
Pedro Mendoza to third
Noel Wells to second
Runner from 3rd tries for Home, SAFE, no throw or cutoff
Batting: RHB Stan Pierce 0-0: Ball
1-0: Foul Ball, location: 2F
1-1: Ball
2-1: Swinging Strike
2-2: Fielders Choice at 2nd, 5-4 (Groundball, 56)
Bottom of the 4th over - 1 run(s), 3 hit(s), 0 error(s), 1 left on base; D.C. 2 - Kingston Township 1
TOP OF THE 5TH
D.C. Divided batting - Pitching for Kingston Township Legion : RHP Alfonso Miranda
Batting: RHB Duncan Thomas 0-0: Called Strike
0-1: Ball
1-1: Foul Ball, location: 2F
1-2: Foul Ball, location: 2F
1-2: Ball
2-2: Fly out, F9 (Flyball, 89XD)
Batting: LHB Ray Sears 0-0: Called Strike
0-1: Fly out, F9 (Flyball, 9M)
Batting: LHB Mike Gardner 0-0: Called Strike
0-1: Foul Ball, location: 2F
0-2: Fly out, F6 (Line Drive, 6D)
Top of the 5th over - 0 run(s), 0 hit(s), 0 error(s), 0 left on base; D.C. 2 - Kingston Township 1
BOTTOM OF THE 5TH
Kingston Township Legion batting - Pitching for D.C. Divided : RHP José Alaniz
Batting: RHB Ben Daniel 0-0: Ball
1-0: Called Strike
1-1: Swinging Strike
1-2: Foul Ball, location: 2F
1-2: Foul Ball, location: 2F
1-2: Ground out 4-3 (Groundball, 13)
Batting: LHB Forrest McCooke 0-0: Called Strike
0-1: Bunt for hit - play at first, batter OUT! 1-3
Batting: LHB Gonzalo López 0-0: Swinging Strike
0-1: Foul Ball, location: 2F
0-2: Fly out, F7 (Flyball, 7LM)
Bottom of the 5th over - 0 run(s), 0 hit(s), 0 error(s), 0 left on base; D.C. 2 - Kingston Township 1
TOP OF THE 6TH
D.C. Divided batting - Pitching for Kingston Township Legion : RHP Alfonso Miranda
Batting: RHB Miguel Silva 0-0: Ball
1-0: SINGLE (Line Drive, 89S)
Batting: LHB Charles Mathes 0-0: Ball
1-0: Fly out, F7 (Line Drive, 7S)
Batting: LHB Keith Bridges 0-0: Called Strike
Miguel Silva steals 2nd base
0-1: Ball
1-1: Intentional Walk
Batting: LHB Jorge Aicón 0-0: Called Strike
Keith Bridges is caught stealing 2nd base
0-1: DOUBLE (Flyball, 9D)
Miguel Silva scores
Batting: RHB Cristo González 0-0: Ball
1-0: Ball
2-0: Ball
3-0: Called Strike
3-1: Fly out, F7 (Flyball, 7M)
Top of the 6th over - 1 run(s), 2 hit(s), 0 error(s), 1 left on base; D.C. 3 - Kingston Township 1
BOTTOM OF THE 6TH
Kingston Township Legion batting - Pitching for D.C. Divided : RHP José Alaniz
Batting: RHB Layton Templeman 0-0: Ball
1-0: Called Strike
1-1: Ball
2-1: Swinging Strike
2-2: Ball
3-2: Foul Ball, location: 2F
3-2: Foul Ball, location: 2F
3-2: Base on Balls
Batting: RHB Akihiko Oike 0-0: Ball
1-0: Ball
2-0: Ball
3-0: Base on Balls
Layton Templeman to second
Batting: RHB Pedro Mendoza 0-0: Ball
1-0: Fly out, F8 (Popup, 4MD)
Batting: RHB Noel Wells 0-0: Called Strike
0-1: Ball
1-1: Grounds into double play, 4-6-3 (Groundball, 4)
Bottom of the 6th over - 0 run(s), 0 hit(s), 0 error(s), 1 left on base; D.C. 3 - Kingston Township 1
TOP OF THE 7TH
D.C. Divided batting - Pitching for Kingston Township Legion : RHP Alfonso Miranda
Batting: LHB Brad Elmore 0-0: Ball
1-0: Called Strike
1-1: Ball
2-1: Foul Ball, location: 2F
2-2: Ball
3-2: Ground out 4-3 (Groundball, 4)
Batting: RHB Duncan Thomas 0-0: Swinging Strike
0-1: Ball
1-1: Ball
2-1: SOLO HOME RUN (Line Drive, 7D), Distance : 413 ft
Batting: LHB Ray Sears 0-0: Ball
1-0: Fly out, F8 (Line Drive, 8RM)
Batting: LHB Mike Gardner 0-0: Called Strike
0-1: Foul Ball, location: 2F
0-2: Ball
1-2: Strikes out looking
Top of the 7th over - 1 run(s), 1 hit(s), 0 error(s), 0 left on base; D.C. 4 - Kingston Township 1
BOTTOM OF THE 7TH
Kingston Township Legion batting - Pitching for D.C. Divided : RHP José Alaniz
Batting: RHB Jon Erickson 0-0: Ground out 6-3 (Groundball, 6)
Batting: RHB Stan Pierce 0-0: Called Strike
0-1: Ball
1-1: Ground out 4-3 (Groundball, 4)
Batting: RHB Ben Daniel 0-0: Called Strike
0-1: Ball
1-1: Called Strike
1-2: Ball
2-2: Ball
3-2: SINGLE (Groundball, 6)
Batting: LHB Forrest McCooke 0-0: Ball
1-0: Called Strike
1-1: Foul Ball, location: 2F
1-2: Foul Ball, location: 2F
1-2: Ground out 5-3 (Groundball, 15S)
Bottom of the 7th over - 0 run(s), 1 hit(s), 0 error(s), 1 left on base; D.C. 4 - Kingston Township 1
TOP OF THE 8TH
D.C. Divided batting - Pitching for Kingston Township Legion : RHP Alfonso Miranda
Batting: RHB Miguel Silva 0-0: Called Strike
0-1: Ball
1-1: Called Strike
1-2: Fly out, F9 (Flyball, 9D)
Batting: LHB Charles Mathes 0-0: Ball
1-0: Called Strike
1-1: SINGLE (Line Drive, 34D)
Pitching: RHP Jesús Prieto
Batting: LHB Keith Bridges 0-0: Called Strike
0-1: Foul Ball, location: 2F
0-2: Foul Ball, location: 2F
0-2: Strikes out looking
Batting: LHB Jorge Aicón 0-0: DOUBLE (Line Drive, 7LS)
Charles Mathes to third
Runner from 3rd tries for Home, throw and OUT!
Top of the 8th over - 0 run(s), 2 hit(s), 0 error(s), 1 left on base; D.C. 4 - Kingston Township 1
BOTTOM OF THE 8TH
Kingston Township Legion batting - Pitching for D.C. Divided : RHP José Alaniz
Batting: LHB Gonzalo López 0-0: Called Strike
0-1: Ball
1-1: Swinging Strike
1-2: Foul Ball, location: 2F
1-2: Ball
2-2: SINGLE (Line Drive, 4)
Batting: RHB Layton Templeman 0-0: Ball
1-0: Swinging Strike
1-1: Called Strike
1-2: Ball
2-2: Ball
3-2: Grounds into double play, U6-3 (Groundball, 6M)
Batting: RHB Akihiko Oike 0-0: Ball
1-0: Ball
2-0: Foul Ball, location: 2F
2-1: Ground out 6-3 (Groundball, 6)
Bottom of the 8th over - 0 run(s), 1 hit(s), 0 error(s), 0 left on base; D.C. 4 - Kingston Township 1
TOP OF THE 9TH
D.C. Divided batting - Pitching for Kingston Township Legion : RHP Jesús Prieto
Batting: RHB Cristo González 0-0: Fly out, F7 (Flyball, 78M)
Batting: LHB Brad Elmore 0-0: Called Strike
0-1: Ball
1-1: Ground out 1-3 (Groundball, 13S)
Batting: RHB Duncan Thomas 0-0: Foul Ball, location: 2F
0-1: Ball
1-1: Ball
2-1: Foul Ball, location: 2F
2-2: SINGLE (Line Drive, 9S)
Batting: LHB Ray Sears 0-0: Foul Ball, location: 2F
0-1: Foul Ball, location: 2F
0-2: Ball
1-2: Foul Ball, location: 2F
1-2: Ball
2-2: Foul Ball, location: 2F
2-2: Ball
3-2: DOUBLE (Groundball, 3L)
Duncan Thomas to third
Duncan Thomas scores
Batting: LHB Mike Gardner 0-0: Intentional Walk
Batting: RHB Miguel Silva 0-0: Called Strike
0-1: Foul Ball, location: 2F
0-2: Fly out, F3 (Popup, 3F)
Top of the 9th over - 1 run(s), 2 hit(s), 0 error(s), 2 left on base; D.C. 5 - Kingston Township 1
BOTTOM OF THE 9TH
Kingston Township Legion batting - Pitching for D.C. Divided : RHP José Alaniz
Batting: RHB Pedro Mendoza 0-0: Swinging Strike
0-1: Foul Ball, location: 2F
0-2: Ground out 1-3 (Groundball, 15)
Batting: RHB Noel Wells 0-0: Ball
1-0: Foul Ball, location: 2F
1-1: Called Strike
1-2: Foul Ball, location: 2F
1-2: Ground out 6-3 (Groundball, 6)
Batting: RHB Jon Erickson 0-0: Swinging Strike
0-1: Ground out 6-3 (Groundball, 6)
Bottom of the 9th over - 0 run(s), 0 hit(s), 0 error(s), 0 left on base; D.C. 5 - Kingston Township 1
This league is powered by Out of the Park Baseball, the baseball management simulation game for PC, Mac and Linux
Friday, July 8th, 2016 - OOTP Baseball 16.9 Build 39